 Dungeon Crawl Stone Soup version 0.23-a0-49-gd9f7a49 (webtiles) character file.

7 robertstho the Sneak (level 1, 0/10 HPs)
             Began as a Spriggan Assassin on Aug 7, 2018.
             Slain by a hobgoblin
             ... wielding a +0 club
              (6 damage)
             ... on level 1 of the Dungeon.
             The game lasted 00:00:27 (173 turns).

robertstho the Sneak (Spriggan Assassin)             Turns: 173, Time: 00:00:28

Health: 0/10       AC:  3    Str:  7    XL:     1   Next: 83%
Magic:  6/11       EV: 17    Int: 12    God:
Gold:   0          SH:  0    Dex: 17    Spells: 0/0 levels left

rFire    . . .     SeeInvis +   a - +2 dagger
rCold    . . .     Gourm    .   (shield restricted)
rNeg     . . .     Faith    .   c - +0 robe
rPois    .         Spirit   .   (helmet restricted)
rElec    .         Reflect  .   d - +0 cloak
rCorr    .         Harm     .   (gloves unavailable)
MR       .....                  (boots unavailable)
Stlth    +++.......             (no amulet)
HPRegen  0.03/turn              h - ring of magical power
MPRegen  0.12/turn              (no ring)

@: very quick
A: very small, unfitting armour, see invisible, herbivore, speed 3, slow
metabolism 2
a: no special abilities


You were on level 1 of the Dungeon.
You were not hungry.

You visited 1 branch of the dungeon, and saw 1 of its levels.

Inventory:

Hand Weapons
 a - a +2 dagger (weapon)
 b - a +0 blowgun
Missiles
 e - 8 poisoned needles
 f - 2 curare-tipped needles
Armour
 c - a +0 robe (worn)
 d - a +0 cloak (worn)
Jewellery
 h - a ring of magical power (left hand)
Potions
 i - 2 potions of agility {unknown}
Comestibles
 g - 2 rations


   Skills:
 + Level 1.5 Fighting
 + Level 2.1 Short Blades
 + Level 2.0 Throwing
 + Level 1.5 Dodging
 * Level 6.5 Stealth


You couldn't memorise any spells.
You didn't know any spells.
Your spell library was empty.

Dungeon Overview and Level Annotations

Branches:
Dungeon (1/15)

Altars:


Innate Abilities, Weirdness & Mutations

You are very small and have problems with some larger weapons.
You are too small for most types of armour.
You have supernaturally acute eyesight. (SInv)
You are a herbivore.
You cover ground extremely quickly.
You need to consume almost no food.


Message History

You hit the giant cockroach.
The giant cockroach is severely wounded.
The giant cockroach barely misses you.
You closely miss the giant cockroach.
The giant cockroach is severely wounded.
The giant cockroach closely misses you.
You hit the giant cockroach.
You kill the giant cockroach!
i - 2 orange potions You open the door.
A rat and a hobgoblin come into view.
Found 10 stones.
Search for what [? for help]? hort
There is an open door here.
The helpless rat fails to defend itself.
You impale the rat!!
You kill the rat!
The hobgoblin hits you with a club.
Ouch! That really hurt!
You die...

##...## #....#.#.#
##.## #......... #.#
#...#.#.#. #.#
#......... ##'##
#..#.#.#.# ##...##
##........ ##..(..##
#.#.#.#.#.
##.......####........
#...@.....###.#.#.#.#
+..g......+..........
#.........####.#.#.#.
##.......## #.......
##.....## ##.#.#.#
##...## ##....† ##+##
#.#### #. #.


You could see a hobgoblin.

Vanquished Creatures
  A giant cockroach (D:1)
  A hobgoblin (D:1)
  A kobold (D:1)
  A bat (D:1)
  3 rats (D:1)
7 creatures vanquished.

Notes
Turn   | Place    | Note
-------+----------+-------------------------------------------
     0 | D:1      | robertstho the Spriggan Assassin began the quest for the Orb.
     0 | D:1      | Reached XP level 1. HP: 10/10 MP: 2/2
   108 | D:1      | Reached skill level 6 in Stealth
   173 | D:1      | Slain by a hobgoblin

Vault maps used:
D:1:      co_arrival_random_square_maze, hex_medium, kennysheep_crisscross,
          st_stairs_14, minivault_27, corexii_item_surrounded_by_moat,
          minmay_bisected

Skill      XL: |  1 |
---------------+----+-----
Stealth        | 6 |  6.5
Fighting       | |  1.5
Short Blades   | |  2.1
Throwing       | |  2.0
Dodging        | |  1.5

Action                   || total
-------------------------++-------
Melee: Dagger            ||    21
 Stab: Sleeping          ||     3
Armor: Robe              ||     1
Dodge: Dodged            ||    17

Table legend:
 A = Spawn XP
 B = Non-spawn XP
 C = Spawn XP percentage of total XP
 D = Spawn monster count
 E = Non-spawn monster count
 F = Spawn count percentage of total count
 G = Total turns spent on level
                    A         B        C        D         E        F      G
               +---------+---------+-------+---------+---------+-------+---------
         Total |       0 |      10 |   0.0 |       0 |       7 |   0.0 |   173
               +---------+---------+-------+---------+---------+-------+---------
           D:1 |       0 |      10 |   0.0 |       0 |       7 |   0.0 |   173
               +---------+---------+-------+---------+---------+-------+---------
